Map: [ESL] Ancient Cistern

Players

ForJumy

  • Race: Protoss Protoss
  • Spawn Location: 1:00

PtitDrogo - Winner!

  • Race: Protoss Protoss
  • Spawn Location: 7:00

Event: ESL SC2 Masters 2023 Summer (Regionals)

VOD

Have the link to the VOD?

Description

Time

  • Played on: May 5, 2023, 11:50 a.m.
  • Length: 8:07

All games in this series

Show
View Real Time Build Order
Export as new Build Order

ForJumy Protoss 

Build Orders:  

Get SALT Encoding   

  12  0:00  Probe  
  13  0:12  Probe  
  14  0:17  Pylon  
  14  0:24  Probe  
  15  0:35  Gateway  
  15  0:36  Probe (Chrono Boost)  
  16  0:46  Assimilator  
  16  0:47  Probe (Chrono Boost)  
  17  0:51  Probe (Chrono Boost)  
  17  0:54  Assimilator  
  18  1:03  Probe (Chrono Boost)  
  19  1:08  Gateway  
  19  1:12  Probe (Chrono Boost)  
  19  1:17  Probe (Chrono Boost)  
  20  1:25  Cybernetics Core  
  21  1:29  Probe  
  22  1:35  Pylon  
  22  1:41  Probe  
  23  1:53  Probe  
  24  2:01  Stalker  
  24  2:02  Stalker  
  24  2:04  Warp Gate  
  24  2:05  Probe  
  29  2:14  Pylon  
  29  2:17  Probe  
  30  2:31  Probe, Adept  
  30  2:32  Adept  
  35  2:45  Probe  
  35  3:00  Nexus  
  35  3:07  Pylon  
  35  3:13  Sentry  
  35  3:16  Robotics Facility  
  37  3:24  Shield Battery  
  37  3:26  Pylon  
  37  3:29  Probe  
  38  3:46  Probe  
  39  3:53  Stalker x2  
  43  3:58  Probe (Chrono Boost)  
  43  4:01  Forge  
  44  4:04  Observer  
  46  4:10  Probe (Chrono Boost)  
  46  4:16  Probe (Chrono Boost)  
  47  4:17  Probe (Chrono Boost)  
  47  4:21  Shield Battery  
  48  4:24  Probe x2  
  48  4:26  Stalker  
  48  4:28  Observer  
  53  4:35  Protoss Ground Weapons Level 1  
  53  4:36  Probe (Chrono Boost)  
  53  4:42  Stalker  
  53  4:43  Probe (Chrono Boost)  
  54  4:46  Probe (Chrono Boost)  
  54  4:50  Probe (Chrono Boost)  
  54  4:51  Probe (Chrono Boost)  
  55  4:58  Immortal  
  60  5:02  Pylon  
  60  5:03  Probe x2  
  62  5:09  Observer  
  62  5:13  Twilight Council  
  62  5:20  Probe  
  63  5:23  Nexus  
  63  5:27  Sentry  
  65  5:28  Pylon  
  65  5:32  Stalker  
  67  5:42  Pylon  
  60  5:50  Immortal (Chrono Boost)  
  60  5:54  Probe  
  60  5:56  Stalker x2  
  69  5:58  Probe  
  66  6:04  Pylon  
  60  6:15  Probe  
  60  6:18  Observer  
  61  6:20  Stalker x2  
  61  6:21  Probe  
  61  6:22  Assimilator  
  61  6:24  Shield Battery, Assimilator  
  64  6:27  Probe  
  59  6:33  Probe (Chrono Boost)  
  59  6:34  Observer  
  59  6:39  Probe x2 (Chrono Boost)  
  62  6:43  Stalker  
  62  6:44  Stalker  
  62  6:45  Probe (Chrono Boost)  
  65  6:49  Probe (Chrono Boost)  
  65  6:51  Probe x2 (Chrono Boost)  
  65  6:54  Probe (Chrono Boost)  
  66  7:00  Probe x2  
  69  7:01  Immortal (Chrono Boost)  
  69  7:05  Probe  
  74  7:12  Probe  
  74  7:13  Stalker  
  77  7:19  Probe  
  77  7:20  Probe  
  79  7:24  Probe  
  79  7:28  Stalker  
  78  7:31  Probe  
  78  7:32  Probe  
  78  7:36  Probe  
  80  7:39  Sentry  
  86  7:51  Probe  
  81  7:54  Stalker  
Show
View Real Time Build Order
Export as new Build Order

PtitDrogo Protoss - Winner!

Build Orders: Oracle Opening 

Get SALT Encoding   

  12  0:00  Probe  
  13  0:12  Probe  
  14  0:17  Pylon  
  14  0:24  Probe (Chrono Boost)  
  15  0:36  Probe (Chrono Boost)  
  15  0:39  Gateway  
  16  0:44  Probe (Chrono Boost)  
  16  0:45  Assimilator  
  17  0:51  Probe  
  17  0:56  Assimilator  
  18  1:03  Probe (Chrono Boost)  
  19  1:07  Gateway  
  19  1:13  Probe (Chrono Boost)  
  19  1:18  Probe (Chrono Boost)  
  21  1:26  Cybernetics Core  
  21  1:29  Probe  
  22  1:40  Pylon  
  22  1:41  Probe  
  23  1:58  Probe  
  24  2:03  Adept, Stalker  
  24  2:04  Warp Gate  
  28  2:09  Pylon  
  28  2:29  Stargate  
  28  2:37  Stalker x2  
  30  2:41  Probe  
  33  2:53  Probe  
  34  3:05  Probe  
  35  3:14  Oracle (Chrono Boost)  
  35  3:17  Probe  
  39  3:20  Nexus  
  39  3:26  Pylon  
  39  3:37  Shield Battery  
  39  3:44  Probe, Oracle  
  43  3:53  Stalker  
  45  4:00  Stalker  
  47  4:06  Pylon  
  47  4:24  Probe (Chrono Boost), Twilight Council  
  48  4:34  Probe (Chrono Boost)  
  48  4:36  Probe (Chrono Boost)  
  50  4:43  Probe (Chrono Boost)  
  50  4:44  Probe (Chrono Boost)  
  52  4:48  Probe (Chrono Boost)  
  52  4:50  Probe  
  52  4:52  Stalker x2  
  56  4:57  Blink (Chrono Boost)  
  58  5:00  Probe  
  58  5:05  Gateway  
  58  5:07  Gateway  
  59  5:09  Probe  
  60  5:15  Probe  
  61  5:23  Probe  
  62  5:30  Stalker x2  
  62  5:35  Probe, Pylon  
  67  5:38  Probe  
  66  5:53  Stalker x2  
  66  5:54  Probe  
  66  5:56  Pylon  
  69  6:07  Probe  
  69  6:10  Probe  
  64  6:14  Stalker x2  
  68  6:19  Probe  
  68  6:20  Gateway  
  68  6:22  Probe  
  68  6:31  Probe, Stalker x2  
  68  6:32  Nexus  
  71  6:37  Probe  
  71  6:39  Stalker x2  
  74  6:43  Probe  
  75  6:49  Probe  
  76  6:55  Stalker x2  
  76  6:56  Probe  
  76  7:00  Forge  
  76  7:01  Probe  
  82  7:08  Probe  
  83  7:11  Stalker  
  83  7:13  Probe  
  86  7:20  Pylon  
  86  7:22  Pylon  
  86  7:28  Probe x2  
  82  7:30  Stalker  
  82  7:31  Stalker  
  86  7:38  Pylon, Stalker x2  
  86  7:39  Zealot  
  86  7:40  Probe x2  
  90  7:52  Probe x2  
  90  7:56  Stalker x2  
Tags
 
Add a new tag
Caveats
  • Supply blocks, unpowered buildings, or Contaminate may cause inaccurate times.
  • Supply counts are checked every 10 seconds.